 Dungeon Crawl Stone Soup version 0.20.1-1-g8b1a95d (webtiles) character file.

27281 ReignOfFire the Thaumaturge (level 13, -19/88 HPs)
             Began as a Human Fire Elementalist on July 20, 2017.
             Was a High Priest of Vehumet.
             Demolished by a two-headed ogre
             ... wielding a +0 dire flail of protection
              (23 damage)
             ... on level 14 of the Dungeon.
             The game lasted 01:33:20 (22632 turns).

ReignOfFire the Thaumaturge (HuFE)                 Turns: 22632, Time: 01:33:20

Health: -19/88     AC:  7    Str:  9    XL:     13   Next: 64%
Magic:  3/28       EV: 16    Int: 22    God:    Vehumet [*****.]
Gold:   993        SH:  0    Dex: 15    Spells: 0/35 levels left

rFire    . . .     SeeInvis +   a - +8 dagger "Plog" {pierce, Int+3}
rCold    + + .     Gourm    .   (no shield)
rNeg     . . .     Faith    .   h - +2 robe {MR+}
rPois    .         Spirit   .   j - +1 hat
rElec    +         Reflect  .   (no cloak)
rCorr    .         Harm     .   (no gloves)
MR       +....                  (no boots)
Stlth    +++.......             (no amulet)
Regen    0.3/turn               o - ring of wizardry
MPRegen  0.3/turn               y - ring of see invisible

@: no status effects
A: antennae 1, yellow scales 1, cold resistance 2, electricity resistance, wild
magic 1
a: Renounce Religion


You were on level 14 of the Dungeon.
You worshipped Vehumet.
Vehumet was extremely pleased with you.
You were near starving.

You visited 1 branch of the dungeon, and saw 14 of its levels.
You also visited: Bailey and Ice Cave.

You collected 1189 gold pieces.
You spent 196 gold pieces at shops.

Inventory:

Hand Weapons
 a - the +8 dagger "Plog" (weapon) {pierce, Int+3}
   (You bought it in a shop on level 5 of the Dungeon)

   It inflicts extra damage upon your enemies.
   It affects your intelligence (+3).
Armour
 h - a +2 robe of magic resistance (worn)
 j - a +1 hat (worn)
 S - the +8 orange crystal plate armour {Archmagi, Int+3 Clar}
   (You found it on level 12 of the Dungeon)

   It affects your intelligence (+3).
   It protects you against confusion.
Magical Staves
 b - an uncursed staff of summoning
 P - an uncursed staff of wizardry
Jewellery
 f - an uncursed amulet of harm
 o - a ring of wizardry (left hand)
 y - a ring of see invisible (right hand)
 E - an uncursed ring of protection from fire
Wands
 i - a wand of polymorph (14/24)
 x - a wand of clouds (4/9)
 L - a wand of enslavement (11/24)
 R - a wand of polymorph (15/24)
Scrolls
 e - 5 scrolls of enchant armour
 l - 3 scrolls of recharging
 p - 2 scrolls of amnesia
 r - a scroll of noise
 s - 5 scrolls of remove curse
 u - 7 scrolls of teleportation
 B - 4 scrolls of blinking
 I - a scroll of fear
 J - 2 scrolls of enchant weapon
 M - a scroll of fog
 U - a scroll of identify
 W - a scroll of brand weapon {unknown}
Potions
 m - a potion of agility
 q - a potion of resistance
 v - 2 potions of berserk rage
 w - a potion of invisibility
 z - 3 potions of brilliance
 C - a potion of flight
Books
 A - a book of Beasts

   Spells                             Type                      Level
   a - Summon Butterflies             Summoning                    1
   b - Call Canine Familiar           Summoning                    3
   c - Summon Ice Beast               Ice/Summoning                4
   d - Summon Mana Viper              Hexes/Summoning              5
   e - Summon Hydra                   Summoning                    7
 F - a book of Dreams

   Spells                             Type                      Level
   a - Ensorcelled Hibernation        Hexes/Ice                    2
   b - Silence                        Hexes/Air                    5
   c - Darkness                       Hexes                        6
   d - Shadow Creatures               Summoning                    6
 G - a book of Flames

   Spells                             Type                      Level
   a - Flame Tongue                   Conjuration/Fire             1
   b - Throw Flame                    Conjuration/Fire             2
   c - Conjure Flame                  Conjuration/Fire             3
   d - Inner Flame                    Hexes/Fire                   3
   e - Sticky Flame                   Conjuration/Fire             4
   f - Fireball                       Conjuration/Fire             5
 H - a book of Callings

   Spells                             Type                      Level
   a - Summon Small Mammal            Summoning                    1
   b - Call Imp                       Summoning                    2
   c - Call Canine Familiar           Summoning                    3
   d - Summon Guardian Golem          Hexes/Summoning              3
   e - Summon Lightning Spire         Summoning/Air                4
   f - Summon Ice Beast               Ice/Summoning                4
 K - The Last Secrets of Thaumaturgy
   (You found it on level 12 of the Dungeon)

   Spells                             Type                      Level
   a - Shatter                        Earth                        9
 N - the Guide on Sinister Arts and the Voyage
   (You found it on level 12 of the Dungeon)

   Spells                             Type                      Level
   a - Pain                           Necromancy                   1
   b - Corpse Rot                     Necromancy                   2
   c - Passage of Golubria            Translocation                4
 Q - a book of Misfortune

   Spells                             Type                      Level
   a - Confusing Touch                Hexes                        1
   b - Confuse                        Hexes                        3
   c - Gell's Gravitas                Translocation                3
   d - Petrify                        Transmutation/Earth          4
   e - Metabolic Englaciation         Hexes/Ice                    5
   f - Yara's Violent Unravelling     Hexes/Transmutation          5
 T - the Collected Works on Necromancy and Flight
   (You found it on level 12 of the Dungeon)

   Spells                             Type                      Level
   a - Shock                          Conjuration/Air              1
   b - Animate Skeleton               Necromancy                   1
   c - Swiftness                      Charms/Air                   2
   d - Static Discharge               Conjuration/Air              3
   e - Cigotuvi's Embrace             Necromancy                   5
   f - Freezing Cloud                 Conjuration/Ice/Air          6
Comestibles
 c - 8 bread rations
 g - 5 fruits
 k - 12 royal jellies
 t - 4 meat rations


   Skills:
 + Level 3.8 Fighting
 + Level 3.7 Short Blades
   Level 1.3 Maces & Flails
 + Level 6.0 Dodging
 + Level 4.4 Stealth
 + Level 11.9 Spellcasting
 + Level 11.0 Conjurations
 + Level 2.0 Hexes
 + Level 0.6 Summonings
 + Level 2.9 Translocations
 + Level 11.0 Fire Magic
 + Level 0.2 Ice Magic
 + Level 0.2 Air Magic


You couldn't memorise any spells.
You knew the following spells:

 Your Spells              Type           Power        Failure   Level  Hunger
a - Flame Tongue          Conj/Fire      #####        1%          1    None
b - Throw Flame           Conj/Fire      ######       1%          2    None
c - Fireball              Conj/Fire      ######....   1%          5    ####...
d - Searing Ray           Conj           ######       1%          2    None
e - Force Lance           Conj/Tloc      ######..     1%          4    None
f - Inner Flame           Hex/Fire       ######..     1%          3    None
g - Yara's Violent Unrav  Hex/Tmut       ###.......   13%         5    ####...
h - Conjure Flame         Conj/Fire      ######..     1%          3    None
i - Summon Ice Beast      Ice/Summ       ###.....     21%         4    None
j - Freezing Cloud        Conj/Ice/Air   #####.....   21%         6    #####..


Dungeon Overview and Level Annotations

Branches:
Dungeon (14/15)            Temple (0/1) D:4            Lair (0/6) D:8
    Orc (0/2) D:12
 Vaults: D:13-14

Altars:
Ashenzari
Cheibriados
Dithmenos
Elyvilon
Fedhas
Gozag
Okawaru
Qazlal
Trog
Uskayaw
Vehumet
Xom
Yredelemnul

Shops:
D:5 (   D:7 *?[*

Annotations:
D:3 1 runed door
D:6 exclusion: oklob plant
D:10 exclusions: human and 1 more exclusion


Innate Abilities, Weirdness & Mutations

You have a pair of small antennae on your head.
You are partially covered in yellow scales. (AC +2)
Your flesh is very cold resistant. (rC++)
You are resistant to electric shocks. (rElec)
Your spells are a little harder to cast, but a little more powerful.


Message History

* * * LOW HITPOINT WARNING * * *
The two-headed ogre hits you with a giant club!
* * * LOW HITPOINT WARNING * * *
You feel much better.
The two-headed ogre hits you with a dire flail of protection!
The two-headed ogre hits you with a giant club!
* * * LOW HITPOINT WARNING * * *
Items here: % )) รท a giant spiked club; a giant club; a chunk of flesh; a two-headed ogre skeleton
Casting: Flame Tongue
Confirm with . or Enter, or press ? or * to list all spells.
Aiming: Force Lance
Press: ? - help, Shift-Dir - straight line, f/p - two-headed ogre
Aim: a two-headed ogre, wielding a dire flail of protection and a giant club (heavily wounded)
The lance of force hits the two-headed ogre.
The two-headed ogre is heavily wounded.
The two-headed ogre hits you with a dire flail of protection!
* * * LOW HITPOINT WARNING * * *
The two-headed ogre hits you with a giant club!!
You die...

###### #....# #.##.#
#############.##%##############
uu.....................>......#
##.#.######.#.#.......#######.#
#.#.#<.u.#.#.#..####.# #.#
##.#.####u#.#.#.@#<...#######.#
....u.uu..#.#.#.O....#........#
##.#...####.#.#..###.#.########
#.#.#.#* #.#.#..###.#...#....#
#.#.#..# #.#.#......###.#<.#.#
*,#.#..#**,#.#..........####.#
*,#.#...**,#,#...............#
*,#...#..,,#.##.##############
*,#####..#*#...........#


You could see a two-headed ogre.

Vanquished Creatures
  A hydra (D:10)
  6 two-headed ogres
  The ghost of koorschki the Slicer, a novice DsAs of Okawaru (D:8)
  2 unseen horrors
  An orange crystal statue (D:12)
  Pikel (D:8)
  A cyclops (D:13)
  3 ugly things
  A manticore (D:13)
  2 centaur skeletons
  Joseph (D:7)
  2 rime drakes (D:14)
  A redback zombie (D:13)
  2 trolls
  2 polar bears (IceCv)
  Grinder (D:5)
  2 hippogriffs
  A hornet (D:13)
  Sigmund (D:3)
  3 wyverns
  A human (D:10)
  23 yaks
  2 wraiths
  4 hogs (D:10)
  2 hungry ghosts
  A hog (shapeshifter) (D:14)
  Menkaure (D:7)
  An acid dragon (D:13)
  A water moccasin (D:7)
  2 porcupines (D:8)
  4 sky beasts
  18 orc warriors
  5 ice beasts
  2 phantoms
  2 slaves (D:8)
  An eye of draining (D:9)
  9 centaurs
  An ogre (D:10)
  3 wolves (IceCv)
  A crocodile (D:12)
  2 big kobolds
  14 bullfrogs
  8 scorpions
  20 killer bees
  2 howler monkeys
  3 bullfrog zombies
  2 centaur zombies
  8 crimson imps
  14 jellies
  9 hounds
  17 orc wizards
  7 orc priests
  2 bullfrog skeletons
  7 iguanas
  9 worker ants
  A hound zombie (D:8)
  A mummy (D:7)
  A howler monkey zombie (D:8)
  2 worker ant zombies
  A howler monkey skeleton (D:5)
  17 adders
  6 gnolls
  6 shadow imps
  13 oozes
  An adder skeleton (D:5)
  An adder zombie (D:5)
  2 worms (D:2)
  A dart slug (D:2)
  7 leopard geckos
  83 orcs
  2 ball pythons
  9 bats
  8 giant cockroaches
  11 hobgoblins
  13 jackals
  18 kobolds
  8 quokkas
  6 frilled lizards
  4 goblins
  A leopard gecko skeleton (D:7)
  8 rats
  A fungus (D:8)
475 creatures vanquished.

Vanquished Creatures (collateral kills)
  A hungry ghost (D:12)
1 creature vanquished.

Vanquished Creatures (others)
  A polar bear (IceCv)
  A yak (IceCv)
  2 wolves (IceCv)
  4 fungi
  A plant (D:8)
9 creatures vanquished.

Grand Total: 485 creatures vanquished

Notes
Turn   | Place    | Note
-------+----------+-------------------------------------------
     0 | D:1      | ReignOfFire the Human Fire Elementalist began the quest for the Orb.
     0 | D:1      | Reached XP level 1. HP: 13/13 MP: 3/3
   196 | D:1      | Reached XP level 2. HP: 19/19 MP: 0/5
   636 | D:1      | Reached XP level 3. HP: 24/24 MP: 4/6
  1141 | D:2      | Found a stormy altar of Qazlal.
  1457 | D:2      | Found a blossoming altar of Fedhas.
  1705 | D:2      | Reached XP level 4. HP: 30/30 MP: 1/7
  1795 | D:2      | Found a hide-covered altar of Uskayaw.
  1836 | D:2      | Learned a level 2 spell: Throw Flame
  2237 | D:3      | Found a radiant altar of Vehumet.
  2244 | D:3      | Became a worshipper of Vehumet
  2397 | D:3      | Found a shimmering altar of Xom.
  2546 | D:3      | Noticed Sigmund
  2548 | D:3      | Reached XP level 5. HP: 35/35 MP: 0/9
  3011 | D:3      | Killed Sigmund
  3011 | D:3      | Reached XP level 6. HP: 30/41 MP: 5/11
  3344 | D:3      | Found a runed door.
  4071 | D:4      | Reached XP level 7. HP: 39/46 MP: 2/13
  4075 | D:4      | Reached * piety under Vehumet
  4075 | D:4      | Offered knowledge of Magic Dart by Vehumet.
  4192 | D:4      | Noticed a two-headed ogre
  4251 | D:4      | Reached skill level 5 in Fire Magic
  4909 | D:4      | Found a blossoming altar of Fedhas.
  5019 | D:4      | Found a staircase to the Ecumenical Temple.
  5061 | D:5      | Entered Level 5 of the Dungeon
  5396 | D:5      | Reached XP level 8. HP: 21/53 MP: 8/15
  5419 | D:5      | Reached skill level 5 in Spellcasting
  5567 | D:5      | Found an iron altar of Okawaru.
  5608 | D:5      | Gained mutation: Your body sometimes deteriorates upon taking damage. [mutagenic meat]
  5609 | D:5      | Gained mutation: Scrolls take you a little longer to read. [mutagenic meat]
  5610 | D:5      | Gained mutation: Your flesh is cold resistant. (rC+) [mutagenic meat]
  5977 | D:5      | Reached ** piety under Vehumet
  5982 | D:5      | Offered knowledge of Searing Ray by Vehumet.
  5989 | D:5      | Learned a level 5 spell: Fireball
  6009 | D:5      | Learned a level 2 spell: Searing Ray
  6423 | D:5      | Noticed Grinder
  6432 | D:5      | Paralysed by Grinder for 4 turns
  6443 | D:5      | Killed Grinder
  6443 | D:5      | Reached skill level 5 in Conjurations
  6560 | D:5      | Found Ivaiwkab's Antique Weapon Shoppe.
  6575 | D:5      | Bought a dazzling dagger for 196 gold pieces
  6575 | D:5      | Identified the +8 dagger "Plog" {pierce, Int+3} (You bought it in a shop on level 5 of the Dungeon)
  6809 | D:5      | Reached skill level 1 in Maces & Flails
  6809 | D:5      | Reached XP level 9. HP: 37/58 MP: 0/18
  6937 | D:6      | Lost mutation: Scrolls take you a little longer to read. [mutagenic meat]
  6938 | D:6      | Gained mutation: You are partially covered in yellow scales. (AC +2) [mutagenic meat]
  6939 | D:6      | Gained mutation: Scrolls take you a little longer to read. [mutagenic meat]
  6940 | D:6      | Gained mutation: Your mind is acute. (Int +2) [mutagenic meat]
  6942 | D:6      | Gained mutation: You are resistant to electric shocks. (rElec) [mutagenic meat]
  7506 | D:6      | Reached skill level 1 in Fighting
  7580 | D:6      | Noticed an oklob plant
  7592 | D:6      | Offered knowledge of Ignite Poison by Vehumet.
  7733 | D:6      | Reached *** piety under Vehumet
  8055 | D:6      | Found a bloodstained altar of Trog.
  8458 | D:7      | Offered knowledge of Throw Icicle by Vehumet.
  8458 | D:7      | Reached skill level 1 in Short Blades
  8474 | D:7      | Gained mutation: Scrolls take you longer to read. [mutagenic meat]
  8475 | D:7      | Gained mutation: Scrolls take you much longer to read. [mutagenic meat]
  8670 | D:7      | Noticed Menkaure
  8682 | D:7      | Killed Menkaure
  8682 | D:7      | Reached XP level 10. HP: 33/66 MP: 10/20
  8857 | D:7      | Found Boud Hann's Antique Armour Shoppe.
  8864 | D:7      | Found Iggonaenn's Assorted Antiques.
  9224 | D:7      | Noticed Joseph
  9236 | D:7      | Killed Joseph
  9571 | D:7      | Found Pametwel's Assorted Antiques.
  9656 | D:7      | Found Taniatee's Magic Scroll Emporium.
  9774 | D:7      | Found a snail-covered altar of Cheibriados.
  9862 | D:7      | Reached **** piety under Vehumet
  9964 | D:8      | Found a shattered altar of Ashenzari.
 10091 | D:8      | Offered knowledge of Force Lance by Vehumet.
 10097 | D:8      | Learned a level 4 spell: Force Lance
 10563 | D:8      | Noticed a two-headed ogre
 10570 | D:8      | Killed a two-headed ogre
 10570 | D:8      | Reached skill level 1 in Translocations
 10649 | D:8      | Noticed Pikel
 10658 | D:8      | Killed Pikel
 10658 | D:8      | Reached XP level 11. HP: 60/73 MP: 4/23
 10923 | D:8      | Noticed koorschki's ghost (novice DsAs)
 10974 | D:8      | Killed koorschki's ghost
 11193 | D:8      | Found a white marble altar of Elyvilon.
 11246 | D:8      | Found a staircase to the Lair.
 11405 | D:9      | Found a flagged portal.
 11428 | Bailey   | Entered a bailey
 12104 | Bailey   | Reached ***** piety under Vehumet
 12400 | Bailey   | Noticed an orc knight
 12592 | D:9      | Learned a level 3 spell: Inner Flame
 13294 | D:9      | Killed an unseen horror
 13770 | D:9      | Found a basalt altar of Yredelemnul.
 14176 | D:9      | Noticed a two-headed ogre
 14185 | D:9      | Killed a two-headed ogre
 14477 | D:9      | Found a shadowy altar of Dithmenos.
 14478 | D:9      | Found an opulent altar of Gozag.
 14501 | D:10     | Entered Level 10 of the Dungeon
 14915 | D:10     | Offered knowledge of Yara's Violent Unravelling by Vehumet.
 14922 | D:10     | Learned a level 5 spell: Yara's Violent Unravelling
 15213 | D:10     | Reached skill level 10 in Spellcasting
 15289 | D:10     | Lost mutation: Scrolls take you much longer to read. [potion of mutation]
 15289 | D:10     | Lost mutation: Scrolls take you longer to read. [potion of mutation]
 15289 | D:10     | Lost mutation: Your mind is acute. (Int +2) [potion of mutation]
 15289 | D:10     | Gained mutation: Your flesh is very cold resistant. (rC++) [potion of mutation]
 15524 | D:10     | Noticed a four-headed hydra
 15533 | D:10     | Killed a four-headed hydra
 15533 | D:10     | Reached XP level 12. HP: 55/81 MP: 12/26
 15676 | D:10     | Reached skill level 1 in Hexes
 15899 | D:10     | Noticed a two-headed ogre
 15904 | D:10     | Killed a two-headed ogre
 15904 | D:10     | Reached skill level 5 in Dodging
 16511 | D:11     | Learned a level 3 spell: Conjure Flame
 16551 | D:11     | Gained mutation: You are somewhat resistant to further mutation. [mutagenic meat]
 16766 | D:12     | Noticed a two-headed ogre
 17086 | D:11     | Noticed a two-headed ogre
 17094 | D:11     | Killed a two-headed ogre
 17094 | D:11     | Reached skill level 10 in Conjurations
 17574 | D:12     | Found a shadowy altar of Dithmenos.
 17725 | D:12     | Learned a level 4 spell: Summon Ice Beast
 18093 | D:12     | Reached skill level 10 in Fire Magic
 18138 | D:12     | Noticed a two-headed ogre
 18270 | D:12     | Killed a two-headed ogre
 18270 | D:12     | Reached XP level 13. HP: 44/88 MP: 5/28
 18579 | D:12     | Found a staircase to the Orcish Mines.
 18581 | D:12     | Identified the Guide on Sinister Arts and the Voyage
 19518 | D:12     | Identified The Last Secrets of Thaumaturgy
 19670 | D:12     | Identified the Collected Works on Necromancy and Flight
 21193 | D:13     | Learned a level 6 spell: Freezing Cloud
 21198 | D:13     | Found a shattered altar of Ashenzari.
 21321 | D:13     | Offered knowledge of Bolt of Magma by Vehumet.
 21756 | D:14     | Found a frozen archway.
 21775 | IceCv    | Entered an ice cave
 21884 | IceCv    | Noticed SirMumm's ghost (journeyman GrWz)
 22496 | D:14     | Lost mutation: You are somewhat resistant to further mutation. [potion of mutation]
 22496 | D:14     | Lost mutation: Scrolls take you a little longer to read. [potion of mutation]
 22496 | D:14     | Lost mutation: Your body sometimes deteriorates upon taking damage. [potion of mutation]
 22496 | D:14     | Gained mutation: Your spells are a little harder to cast, but a little more powerful. [potion of mutation]
 22496 | D:14     | Gained mutation: You have a pair of small antennae on your head. [potion of mutation]
 22601 | D:14     | HP: 4/88 [two-headed ogre/dire flail of protection (8)]
 22632 | D:14     | HP: 4/88 [two-headed ogre/dire flail of protection (17)]
 22632 | D:14     | Demolished by a two-headed ogre

Skill      XL: |  1  2  3  4  5  6  7  8  9 10 11 12 13 |
---------------+----------------------------------------+-----
Conjurations   | 2 3 4 5 6 7 9 10 11 | 11.0
Fire Magic     | 4 5 6 8 9 10 11 | 11.0
Spellcasting   | 3 4 6 7 8 10 11 | 11.9
Dodging        | 3 4 5 6 |  6.0
Maces & Flails | 1 |  1.3
Stealth        | 3 4 |  4.4
Fighting       | 1 2 3 |  3.8
Short Blades   | 2 3 |  3.7
Translocations | 1 2 |  2.9
Hexes          | 1 2 |  2.0
Summonings     | |  0.6
Ice Magic      | |  0.2
Air Magic      | |  0.2

Action                   |  1- 3 |  4- 6 |  7- 9 | 10-12 | 13-15 || total
-------------------------+-------+-------+-------+-------+-------++-------
Melee: Unarmed           |     4 |       |       |       |       ||     4
       Flail             |       |       |    30 |       |       ||    30
       Dagger            |       |       |    17 |    82 |    17 ||   116
 Cast: Flame Tongue      |    69 |    63 |   149 |   139 |    40 ||   460
       Throw Flame       |       |    45 |    85 |   272 |   156 ||   558
       Fireball          |       |       |     7 |    36 |    10 ||    53
       Searing Ray       |       |       |    17 |    36 |    29 ||    82
       Force Lance       |       |       |       |    46 |     7 ||    53
       Inner Flame       |       |       |       |     7 |     6 ||    13
       Summon Ice Beast  |       |       |       |     4 |       ||     4
       Conjure Flame     |       |       |       |     1 |       ||     1
       Freezing Cloud    |       |       |       |       |     1 ||     1
  Use: Scroll            |     1 |       |    13 |     2 |     4 ||    20
       Potion            |       |     3 |       |     9 |     6 ||    18
  Eat: Chunk             |     3 |     9 |    28 |    26 |     9 ||    75
       Fruit             |       |       |     1 |       |       ||     1
       Bread ration      |       |       |       |     2 |     1 ||     3
       Meat ration       |       |       |       |     1 |       ||     1
Armor: Robe              |     8 |    12 |    33 |    71 |    26 ||   150
Dodge: Dodged            |    22 |    33 |    93 |   215 |   108 ||   471
